[ AOE2 MATCH · #505103857 ]
UnrankedMongols vs Poles
Player's team · LOSS
Rival team · WIN
[ REPLAY ANALYSIS · EXTRACTED FROM THE RECORDED GAME ]
Feudal
7:40
Castle
20:57
Imperial
—
| APM avg | 70.1 |
| APM peak | 101 |
| eAPM avg | 34.2 |
| Villagers / military | 91 / 65 |
Focus
⚔️ 37.1% · 🌾 62.9%
Cavalry Archer ×30 · Camel Scout ×9 · Archer ×8 · Mangonel ×6 · Spearman ×6 · Scout Cavalry ×4
Feudal
9:20
Castle
22:08
Imperial
—
| APM avg | 111.7 |
| APM peak | 190 |
| eAPM avg | 69.6 |
| Villagers / military | 63 / 85 |
Focus
⚔️ 73.4% · 🌾 26.6%
Scout Cavalry ×61 · Scorpion ×12 · Monk ×4 · Mangonel ×4 · Militia ×2 · Spearman ×2
Match map
Initial resources + every placement click. Lines = walls · curves = elevation contours. ◆ gold · ⬟ stone · ● berries · ✦ relic · ◌ wall gap
Your base· ✓ Closed at 20:57 · 52t walls · 1 gate(s)
VIT | Hera's base· ✓ Closed at 22:08 · 40t walls · 3 gate(s)
Smoothed initial terrain · ◌ = detected wall gap · hover for details
Inputs per minute
— Oni.Lewis - - VIT | Hera
Build order — Oni.Lewis
First 150 of 272 actions detected
| 0:00 | Create | Villager (Male) |
| 0:00 | Create | Villager (Male) |
| 0:01 | Build | House |
| 0:02 | Build | House |
| 0:09 | Create | Villager (Male) |
| 0:26 | Create | Villager (Male) |
| 1:28 | Create | Villager (Male) |
| 1:42 | Create | Villager (Male) |
| 1:46 | Build | Lumber Camp |
| 1:58 | Create | Villager (Male) |
| 2:37 | Create | Villager (Male) |
| 3:15 | Create | Villager (Male) |
| 3:35 | Create | Villager (Male) |
| 3:35 | Create | Villager (Male) |
| 3:44 | Create | Villager (Male) |
| 3:48 | Build | House |
| 4:00 | Build | House |
| 4:34 | Create | Villager (Male) |
| 4:38 | Build | Mill |
| 5:30 | Research | Feudal Age |
| 6:01 | Create | Villager (Male) |
| 6:18 | Research | Loom |
| 6:21 | Create | Villager (Male) |
| 6:37 | Create | Villager (Male) |
| 6:49 | Build | Barracks |
| 6:54 | Build | House |
| 7:06 | Create | Villager (Male) |
| 7:40 | Age | Feudal Age |
| 7:48 | Build | Stable |
| 7:50 | Create | Villager (Male) |
| 8:00 | Research | Double-Bit Axe |
| 8:01 | Create | Villager (Male) |
| 8:07 | Create | Villager (Male) |
| 8:15 | Create | Villager (Male) |
| 8:18 | Create | Spearman |
| 8:28 | Build | House |
| 8:30 | Create | Scout Cavalry |
| 8:44 | Build | Palisade Wall |
| 8:47 | Build | House |
| 8:48 | Create | Scout Cavalry |
| 8:49 | Create | Villager (Male) |
| 8:50 | Create | Villager (Male) |
| 8:56 | Create | Spearman |
| 9:08 | Create | Villager (Male) |
| 9:20 | Build | House |
| 9:20 | Build | Mill |
| 9:42 | Create | Villager (Male) |
| 9:56 | Create | Villager (Male) |
| 10:02 | Create | Villager (Male) |
| 10:38 | Create | Villager (Male) |
| 10:40 | Build | Farm |
| 10:40 | Build | Farm |
| 10:41 | Build | Farm |
| 10:47 | Create | Villager (Male) |
| 11:11 | Build | Archery Range |
| 11:13 | Create | Villager (Male) |
| 11:27 | Create | Scout Cavalry |
| 11:32 | Create | Villager (Male) |
| 11:43 | Create | Villager (Male) |
| 11:44 | Create | Villager (Male) |
| 11:48 | Build | Mining Camp |
| 11:54 | Create | Scout Cavalry |
| 11:58 | Build | House |
| 12:06 | Create | Villager (Male) |
| 12:23 | Create | Archer |
| 12:27 | Build | House |
| 12:29 | Create | Villager (Male) |
| 12:33 | Build | Farm |
| 12:37 | Create | Villager (Male) |
| 12:47 | Build | House |
| 12:51 | Build | Farm |
| 13:00 | Build | Farm |
| 13:01 | Create | Villager (Male) |
| 13:04 | Create | Villager (Male) |
| 13:05 | Build | Farm |
| 13:06 | Create | Archer |
| 13:15 | Create | Villager (Male) |
| 13:19 | Build | Farm |
| 13:23 | Build | Palisade Wall |
| 13:24 | Build | Palisade Wall |
| 13:24 | Build | Palisade Wall |
| 13:30 | Create | Villager (Male) |
| 13:34 | Create | Archer |
| 13:59 | Create | Villager (Male) |
| 14:07 | Create | Archer |
| 14:11 | Create | Villager (Male) |
| 14:16 | Create | Villager (Male) |
| 14:19 | Build | Farm |
| 14:23 | Build | Farm |
| 14:31 | Create | Villager (Male) |
| 14:39 | Create | Villager (Male) |
| 14:52 | Build | Blacksmith |
| 14:53 | Build | House |
| 14:54 | Build | Palisade Wall |
| 14:56 | Build | House |
| 14:57 | Build | Palisade Wall |
| 14:58 | Build | Palisade Wall |
| 15:09 | Create | Archer |
| 15:14 | Create | Villager (Male) |
| 15:29 | Create | Villager (Male) |
| 15:31 | Build | Farm |
| 15:34 | Research | Horse Collar |
| 15:38 | Create | Villager (Male) |
| 15:42 | Build | Palisade Wall |
| 15:43 | Build | Palisade Wall |
| 15:44 | Create | Villager (Male) |
| 15:47 | Build | House |
| 15:53 | Research | Fletching |
| 16:07 | Create | Villager (Male) |
| 16:25 | Build | Lumber Camp |
| 16:30 | Create | Archer |
| 16:32 | Create | Villager (Male) |
| 16:36 | Build | Palisade Wall |
| 16:49 | Create | Villager (Male) |
| 16:51 | Build | House |
| 16:56 | Build | Palisade Wall |
| 17:09 | Create | Villager (Male) |
| 17:20 | Create | Villager (Male) |
| 17:24 | Create | Spearman |
| 17:25 | Create | Villager (Male) |
| 17:29 | Build | Lumber Camp |
| 17:30 | Create | Villager (Male) |
| 17:31 | Create | Archer |
| 17:40 | Build | Palisade Gate |
| 17:44 | Create | Villager (Male) |
| 17:45 | Build | Palisade Wall |
| 17:50 | Create | Archer |
| 17:58 | Build | Farm |
| 18:17 | Research | Castle Age |
| 18:37 | Build | Palisade Wall |
| 18:39 | Build | House |
| 18:41 | Build | House |
| 18:44 | Create | Villager (Male) |
| 18:52 | Create | Spearman |
| 18:52 | Create | Spearman |
| 18:53 | Create | Villager (Male) |
| 19:05 | Create | Spearman |
| 19:11 | Build | Palisade Wall |
| 19:12 | Build | Palisade Wall |
| 19:14 | Build | Palisade Wall |
| 19:17 | Build | House |
| 19:21 | Build | Palisade Wall |
| 19:23 | Create | Villager (Male) |
| 19:23 | Create | Villager (Male) |
| 19:24 | Build | House |
| 19:25 | Build | Palisade Wall |
| 19:27 | Build | House |
| 19:28 | Build | Palisade Wall |
| 19:29 | Build | Palisade Wall |
| 19:31 | Build | Palisade Wall |
Build order — VIT | Hera
First 150 of 264 actions detected
| 0:00 | Create | Villager (Male) |
| 0:04 | Build | House |
| 0:05 | Build | House |
| 0:08 | Create | Villager (Male) |
| 0:09 | Create | Villager (Male) |
| 0:21 | Create | Villager (Male) |
| 1:28 | Create | Villager (Male) |
| 1:59 | Create | Villager (Male) |
| 1:59 | Create | Villager (Male) |
| 2:26 | Create | Villager (Male) |
| 2:39 | Build | Lumber Camp |
| 2:51 | Create | Villager (Male) |
| 2:51 | Create | Villager (Male) |
| 2:51 | Create | Villager (Male) |
| 3:44 | Create | Villager (Male) |
| 3:44 | Create | Villager (Male) |
| 3:45 | Create | Villager (Male) |
| 3:45 | Create | Villager (Male) |
| 3:59 | Build | House |
| 4:48 | Build | Mill |
| 4:53 | Create | Villager (Male) |
| 5:05 | Create | Villager (Male) |
| 5:05 | Create | Villager (Male) |
| 5:52 | Create | Villager (Male) |
| 6:12 | Create | Villager (Male) |
| 6:45 | Research | Loom |
| 6:58 | Research | Feudal Age |
| 6:58 | Research | Feudal Age |
| 7:28 | Build | Barracks |
| 8:25 | Build | House |
| 8:26 | Build | Palisade Wall |
| 8:30 | Build | Palisade Wall |
| 8:34 | Build | House |
| 8:35 | Build | Palisade Wall |
| 8:44 | Build | Palisade Wall |
| 8:49 | Create | Villager (Male) |
| 9:10 | Build | Palisade Gate |
| 9:20 | Age | Feudal Age |
| 9:22 | Create | Villager (Male) |
| 9:22 | Create | Spearman |
| 9:28 | Research | Double-Bit Axe |
| 9:28 | Research | Double-Bit Axe |
| 9:32 | Build | Palisade Gate |
| 9:44 | Create | Villager (Male) |
| 10:16 | Create | Spearman |
| 10:18 | Create | Militia |
| 10:18 | Create | Militia |
| 10:39 | Build | Palisade Gate |
| 10:46 | Create | Villager (Male) |
| 10:46 | Create | Villager (Male) |
| 11:04 | Create | Villager (Male) |
| 11:07 | Build | Mill |
| 11:07 | Build | Farm |
| 11:07 | Build | Farm |
| 11:08 | Build | Farm |
| 11:08 | Build | Farm |
| 11:08 | Build | Farm |
| 11:08 | Build | Farm |
| 11:08 | Build | Farm |
| 11:22 | Research | Horse Collar |
| 11:37 | Create | Villager (Male) |
| 11:40 | Build | Farm |
| 11:58 | Build | Farm |
| 11:59 | Create | Villager (Male) |
| 12:00 | Build | Farm |
| 12:24 | Create | Villager (Male) |
| 12:24 | Create | Villager (Male) |
| 13:03 | Build | Stable |
| 13:07 | Build | Stable |
| 13:11 | Create | Villager (Male) |
| 13:25 | Build | Blacksmith |
| 13:43 | Create | Villager (Male) |
| 13:59 | Create | Villager (Male) |
| 14:04 | Create | Scout Cavalry |
| 14:12 | Build | Stable |
| 14:18 | Research | Scale Barding Armor |
| 14:18 | Research | Scale Barding Armor |
| 14:18 | Research | Forging |
| 14:18 | Research | Forging |
| 14:24 | Build | House |
| 14:28 | Build | House |
| 14:31 | Create | Villager (Male) |
| 14:39 | Build | House |
| 14:44 | Build | House |
| 14:46 | Build | House |
| 14:48 | Create | Villager (Male) |
| 14:58 | Create | Scout Cavalry |
| 14:58 | Create | Scout Cavalry |
| 14:59 | Create | Scout Cavalry |
| 15:19 | Build | Mill |
| 15:23 | Build | Farm |
| 15:23 | Build | Farm |
| 15:23 | Build | Farm |
| 15:24 | Create | Villager (Male) |
| 15:27 | Create | Scout Cavalry |
| 15:29 | Build | Palisade Wall |
| 15:35 | Build | Farm |
| 15:42 | Build | Farm |
| 15:46 | Create | Villager (Male) |
| 15:50 | Create | Scout Cavalry |
| 16:03 | Build | Farm |
| 16:07 | Build | Farm |
| 16:12 | Create | Villager (Male) |
| 16:15 | Research | Bloodlines |
| 16:21 | Build | Farm |
| 16:32 | Create | Villager (Male) |
| 16:33 | Create | Scout Cavalry |
| 16:33 | Create | Scout Cavalry |
| 16:42 | Build | Lumber Camp |
| 17:14 | Create | Scout Cavalry |
| 17:23 | Create | Villager (Male) |
| 17:24 | Create | Scout Cavalry |
| 17:24 | Create | Scout Cavalry |
| 17:27 | Build | Farm |
| 17:28 | Build | Farm |
| 17:28 | Build | Farm |
| 17:28 | Build | Farm |
| 17:28 | Build | Farm |
| 17:35 | Create | Villager (Male) |
| 17:39 | Create | Scout Cavalry |
| 17:56 | Build | Farm |
| 17:58 | Build | Mining Camp |
| 18:08 | Create | Villager (Male) |
| 18:12 | Build | House |
| 18:26 | Create | Villager (Male) |
| 18:31 | Build | Market |
| 19:01 | Create | Villager (Male) |
| 19:25 | Research | Castle Age |
| 20:02 | Create | Scout Cavalry |
| 20:02 | Create | Scout Cavalry |
| 20:32 | Create | Scout Cavalry |
| 20:32 | Create | Scout Cavalry |
| 20:34 | Create | Scout Cavalry |
| 20:34 | Create | Scout Cavalry |
| 20:59 | Create | Scout Cavalry |
| 20:59 | Create | Scout Cavalry |
| 21:32 | Create | Villager (Male) |
| 21:48 | Create | Scout Cavalry |
| 21:48 | Create | Scout Cavalry |
| 22:08 | Age | Castle Age |
| 22:14 | Build | Siege Workshop |
| 22:15 | Build | Siege Workshop |
| 22:19 | Research | Chain Barding Armor |
| 22:19 | Research | Chain Barding Armor |
| 22:20 | Research | Light Cavalry (upgrade) |
| 22:20 | Research | Light Cavalry (upgrade) |
| 22:27 | Create | Villager (Male) |
| 22:37 | Create | Villager (Male) |
| 22:46 | Build | Farm |
| 22:46 | Build | Farm |
Match timeline
| 6:49 | Oni.Lewis · first_building Barracks |
| 7:28 | VIT | Hera · first_building Barracks |
| 7:40 | Oni.Lewis · age_up feudal |
| 7:48 | Oni.Lewis · first_building Stable |
| 8:26 | VIT | Hera · wall_segment Palisade Wall x5 |
| 8:30 | VIT | Hera · wall_segment Palisade Wall x8 |
| 8:35 | VIT | Hera · wall_segment Palisade Wall x9 |
| 8:44 | Oni.Lewis · wall_segment Palisade Wall x1 |
| 8:44 | VIT | Hera · wall_segment Palisade Wall x17 |
| 9:20 | VIT | Hera · age_up feudal |
| 11:11 | Oni.Lewis · first_building Archery Range |
| 13:03 | VIT | Hera · first_building Stable |
| 13:23 | Oni.Lewis · wall_segment Palisade Wall x1 |
| 13:24 | Oni.Lewis · wall_segment Palisade Wall x1 |
| 13:24 | Oni.Lewis · wall_segment Palisade Wall x1 |
| 14:54 | Oni.Lewis · wall_segment Palisade Wall x1 |
| 14:57 | Oni.Lewis · wall_segment Palisade Wall x4 |
| 14:58 | Oni.Lewis · wall_segment Palisade Wall x2 |
| 15:29 | VIT | Hera · wall_segment Palisade Wall x1 |
| 15:42 | Oni.Lewis · wall_segment Palisade Wall x4 |
| 15:43 | Oni.Lewis · wall_segment Palisade Wall x2 |
| 16:36 | Oni.Lewis · wall_segment Palisade Wall x9 |
| 16:56 | Oni.Lewis · wall_segment Palisade Wall x21 |
| 17:45 | Oni.Lewis · wall_segment Palisade Wall x1 |
| 18:37 | Oni.Lewis · wall_segment Palisade Wall x1 |
| 19:11 | Oni.Lewis · wall_segment Palisade Wall x1 |
| 19:12 | Oni.Lewis · wall_segment Palisade Wall x1 |
| 19:14 | Oni.Lewis · wall_segment Palisade Wall x1 |
| 19:21 | Oni.Lewis · wall_segment Palisade Wall x1 |
| 19:24 | VIT | Hera · first_market_sell 500 stone |
| 19:25 | Oni.Lewis · wall_segment Palisade Wall x1 |
| 19:28 | Oni.Lewis · wall_segment Palisade Wall x1 |
| 19:29 | Oni.Lewis · wall_segment Palisade Wall x1 |
| 19:31 | Oni.Lewis · wall_segment Palisade Wall x1 |
| 19:32 | Oni.Lewis · wall_segment Palisade Wall x1 |
| 19:54 | Oni.Lewis · wall_segment Palisade Wall x1 |
| 20:18 | Oni.Lewis · wall_segment Palisade Wall x1 |
| 20:20 | Oni.Lewis · wall_segment Palisade Wall x1 |
| 20:57 | Oni.Lewis · age_up castle |
| 22:08 | VIT | Hera · age_up castle |
| 22:14 | VIT | Hera · first_building Siege Workshop |
| 23:06 | VIT | Hera · first_building Monastery |
| 23:16 | Oni.Lewis · first_building Siege Workshop |
| 23:24 | Oni.Lewis · first_market_sell 100 stone |
| 23:37 | Oni.Lewis · wall_segment Palisade Wall x1 |
| 23:50 | Oni.Lewis · first_market_buy 100 wood |
| 24:12 | Oni.Lewis · wall_segment Palisade Wall x1 |
| 24:12 | Oni.Lewis · wall_segment Palisade Wall x1 |
| 24:21 | Oni.Lewis · wall_segment Palisade Wall x1 |
| 24:22 | Oni.Lewis · wall_segment Palisade Wall x1 |
| 24:23 | Oni.Lewis · wall_segment Palisade Wall x1 |
| 25:47 | Oni.Lewis · first_building Monastery |
| 26:05 | VIT | Hera · first_market_buy 100 wood |
| 31:19 | Oni.Lewis · resign |
[ AI ANALYSIS · 1 CREDIT ]
What really happened in this match?
Wolo.gg analyzes every decision: build order, eco, micro, common mistakes by bracket. Personalized analysis on WhatsApp or Discord in 30 seconds.
Civ guide
Mongols
Perfil
Jugador #8793414